 Dungeon Crawl Stone Soup version 0.30-a0-149-g7f746667c4 (webtiles) character file.

Game seed: 11369425867144514665

339930 Monkooky the Brawler (level 20, -1/169 (180) HPs)
             Began as a Palentonga Wanderer on Sept 26, 2022.
             Was the Champion of Jiyva.
             Slain by a harpy simulacrum (11 damage)
             ... led by a necromancer
             ... on level 2 of the Crypt.
             The game lasted 02:27:28 (29432 turns).

Monkooky the Brawler (Palentonga Wanderer)         Turns: 29432, Time: 02:27:29

HP:   -1/169 (180)  AC: 29    Str: 24    XL:     20   Next: 68%
MP:   28/29         EV: 10    Int: 21    God:    Jiyva [******]
Gold: 2260          SH:  0    Dex: 12    Spells: 16/31 levels left

rFire   . . .      SeeInvis +      - Unarmed
rCold   . . .      Faith    .    (shield currently unavailable)
rNeg    + . .      Spirit   .    Z - +5 plate armour
rPois   +          Reflect  .    (helmet unavailable)
rElec   .          Harm     .    J - +2 cloak {Will+}
rCorr   +          Rampage  .    (gloves currently unavailable)
Will    +++..                    (no barding)
Stlth   ..........               X - amulet "Woyne" {Regen+ rCorr}
HPRegen 3.58/turn                v - ring of wizardry
MPRegen 0.71/turn                P - ring "Fututs" {rPois rN+ SInv}

@: about to teleport, blade hands, wereblooded, doom-hounded, studying 2 skills,
drained, curled up
A: large, rugged brown scales 3, see invisible, deformed body, roll 2, armoured
tail, reflexive curl, antennae 3, beak, talons 1, thin skeletal structure 2,
clever 2, strong-willed 1, regeneration 1, acidic bite, translucent skin 3,
jelly absorbing missiles, MP-powered wands, noise suppression
}: 3/15 runes: serpentine, barnacled, slimy
a: Rolling Charge, End Transformation, Renounce Religion, Oozemancy, Slimify


You were on level 2 of the Crypt.
You worshipped Jiyva.
Jiyva was exalted by your worship.
You had blades for hands.
You visited 8 branches of the dungeon, and saw 42 of its levels.
You also visited: Bailey, Gauntlet and Ice Cave.

You collected 3487 gold pieces.
You spent 1227 gold pieces at shops.

Inventory:

Hand Weapons
 R - a +1 demon whip of venom
Missiles
 f - 4 throwing nets
 x - 6 javelins
 T - 7 curare-tipped darts
Armour
 e - a +2 pair of gloves (melded)
 k - +0 ice dragon scales
 w - +2 storm dragon scales {Bai Suzhen}
 J - a +2 cloak of willpower (worn)
 Q - a +2 hat of intelligence
 S - +0 ice dragon scales
 W - a +2 kite shield of protection
 Y - a +2 troll leather armour {Snorg}
 Z - a +5 plate armour (worn)
Magical Staves
 i - a staff of fire
 s - a staff of earth
 z - a staff of death
Jewellery
 v - a ring of wizardry (left blade hand)
 D - a ring of positive energy
 P - the ring "Fututs" (right blade hand) {rPois rN+ SInv}
   (You found it on level 5 of the Pits of Slime)

   [ring of positive energy]

   rPois:     It protects you from poison.
   rN:        It protects you from negative energy.
   SInv:      It lets you see invisible.
 X - the amulet "Woyne" (around neck) {Regen+ rCorr}
   (You found it on level 5 of the Pits of Slime)

   [amulet of regeneration]

   Regen:     It increases your rate of health regeneration.
   rCorr:     It protects you from acid and corrosion.
Wands
 b - a wand of digging (5)
 u - a wand of acid (13)
 A - a wand of paralysis (10)
 E - a wand of iceblast (43)
 N - a wand of flame (25)
 V - a wand of mindburst (10)
Scrolls
 n - 7 scrolls of immolation
 o - 6 scrolls of teleportation
 q - 10 scrolls of vulnerability
 t - a scroll of poison
 C - a scroll of fear
 G - 4 scrolls of magic mapping
 H - 4 scrolls of amnesia
 I - 7 scrolls of brand weapon
Potions
 a - 6 potions of resistance
 c - 3 potions of brilliance
 g - 2 potions of lignification
 h - 7 potions of might
 j - a potion of invisibility
 m - 4 potions of berserk rage
 p - 3 potions of haste
 r - 4 potions of magic
 B - 5 potions of cancellation
 F - 6 potions of curing
 K - 5 potions of mutation
 M - 5 potions of flight
 O - 2 potions of ambrosia
 U - 5 potions of attraction {unknown}
Miscellaneous
 d - a tin of tremorstones (2/2)
 l - a lightning rod (4/4)
 y - a box of beasts
 L - a phantom mirror


   Skills:
 - Level 17.6 Fighting
 - Level 11.5 Maces & Flails
 - Level 1.0 Throwing
 - Level 12.4 Armour
 + Level 15.0 Dodging
 - Level 1.0 Stealth
 - Level 20.3 Unarmed Combat
 - Level 6.1 Spellcasting
 - Level 11.6 Transmutations
 - Level 1.5 Poison Magic
 - Level 7.0 Evocations


You had 16 spell levels left.
You knew the following spells:

 Your Spells              Type           Power      Damage    Failure   Level
a - Ignite Poison         Fire/Tmut/Pois 24%        N/A       47%         3
b - Wereblood             Tmut           53%        N/A       6%          2
c - Blade Hands           Tmut           26%        N/A       32%         5
d - Alistair's Intoxicat  Tmut/Pois      22%        N/A       82%         5

Your spell library contained the following spells:

 Spells                   Type           Power      Damage    Failure   Level
 Beastly Appendage        Tmut           100%       N/A       6%          1
 Sting                    Tmut/Pois      100%       1d8       16%         1
 Spider Form              Tmut/Pois      34%        N/A       30%         3
 Apportation              Tloc           12%        N/A       65%         1
 Freeze                   Ice            24%        1d5       65%         1
 Ice Form                 Ice/Tmut       30%        N/A       65%         4
 Poisonous Vapours        Pois/Air       18%        N/A       69%         2
 Static Discharge         Conj/Air       12%        2-3/arc   77%         2
 Mephitic Cloud           Conj/Pois/Air  8%         N/A       87%         3
 Dazzling Flash           Conj/Hex       12%        N/A       91%         3
 Frozen Ramparts          Ice            12%        1d2       91%         3
 Portal Projectile        Hex/Tloc       12%        N/A       91%         3
 Summon Guardian Golem    Hex/Summ       6%         N/A       91%         3
 Tukima's Dance           Hex            6%         N/A       91%         3
 Dispel Undead            Necr           6%         3d8       99%         4
 Hailstorm                Conj/Ice       6%         3d4       99%         4
 Sticky Flame             Conj/Fire      6%         2d3       99%         4
 Freezing Cloud           Conj/Ice/Air   3%         6-21      100%        5
 Summon Forest            Summ/Tloc      3%         N/A       100%        5
 Conjure Ball Lightning   Conj/Air       3%         3x3d6     100%        6
 Simulacrum               Ice/Necr       3%         N/A       100%        6
 Orb of Destruction       Conj           3%         9d5       100%        7
 Spellforged Servitor     Conj/Summ      3%         N/A       100%        7
 Discord                  Hex            3%         N/A       100%        8
 Disjunction              Tloc           3%         N/A       100%        8
 Chain Lightning          Conj/Air       3%         3d4       100%        9


Dungeon Overview and Level Annotations

Branches:
Dungeon (15/15)            Temple (0/1) D:7            Lair (5/5) D:8
 Shoals (4/4) Lair:2        Snake (4/4) Lair:3        Slime (5/5) Lair:4
    Orc (2/2) D:12            Elf (0/3) Orc:2        Vaults (5/5) D:13
  Crypt (2/3) Vaults:3     Depths (0/4) D:15         Bailey (visited)
  IceCv (visited)         Gauntlet (visited)

Altars:
Ashenzari
Kikubaaqudgha
Okawaru
Uskayaw
Xom
Yredelemnul
Jiyva

Shops:
D:7 !   Orc:2 (=*[   Shoals:2 [   Vaults:1 (   Vaults:2 *   Vaults:3 [

Portals:
Trove: D:11 (give +3 ice dragon scales)

Annotations:
D:10 3 runed translucent doors, jlumianski's ghost, journeyman DsGl
D:13 2 transporters, ytrimaz's ghost, journeyman HOFi
Slime:5 Royal Jelly
Vaults:5 Saint Roka
Crypt:2 Grunn


Innate Abilities, Weirdness & Mutations

You have blades for hands.
Your spellcasting is less reliable in this form.
You are incapable of wielding weapons or throwing items.
You are completely covered in rugged brown scales. (AC +3, +7% HP)
You have supernaturally acute eyesight. (SInv)
Armour fits poorly on your strangely shaped body.
You can roll at foes to attack.
You have a long armoured tail.
You curl defensively after being hit. (AC +7*)
You have a pair of large antennae on your head. (SInv)
You have a beak for a mouth.
You have sharp toenails.
You have a moderately thin skeletal structure. (Dex +4, Stealth++)
Your mind is very acute. (Int +8, Str/Dex -2)
You are strong-willed. (Will+)
Your natural rate of healing is unusually fast.
You have acidic saliva.
Your transparent skin significantly reduces your foes' accuracy. (Stealth+)
You have a small jelly attached to you that may absorb projectiles.
You expend magic power (3 MP) to strengthen your wands.
You passively dampen the noise of your surroundings.


Message History

An alligator snapping turtle skeleton comes into view.
The necromancer casts a spell at you.
The bolt of negative energy hits the slime creature!
The slime creature is drained!
As you read the scroll of teleportation, it crumbles to dust.
You feel strangely unstable. The titan zombie misses you.
The harpy simulacrum claws the slime creature.
The harpy simulacrum freezes the slime creature!!
The harpy simulacrum claws the slime creature!
The harpy simulacrum freezes the slime creature!
The slime creature dies!
The doom hound bites you.
* * * LOW HITPOINT WARNING * * *
The doom hound claws you but does no damage.
Roll where?
Press: ? - help, Q - select action, (/) - cycle Dir - move target, f - necromancer
Aim: a necromancer, wielding a +0 dagger and wearing a +0 robe You roll forward with a clatter of scales!
Found a morningstar.
You shred the necromancer!!!!
You feel a bit better.
You kill the necromancer!
The harpy simulacrum claws you!
* * * LOW HITPOINT WARNING * * *
The harpy simulacrum freezes you!
* * * LOW HITPOINT WARNING * * *
The harpy simulacrum closely misses you.
The bunyip skeleton claws you!
* * * LOW HITPOINT WARNING * * *
The bunyip skeleton misses you. The bunyip skeleton claws you.
* * * LOW HITPOINT WARNING * * *
The harpy simulacrum claws you but does no damage. x2
Your Dodging skill increases to level 15!
A Tzitzimitl comes into view.
You feel better.
The doom hound is no longer covered in acid.
The harpy simulacrum claws you but does no damage. x3
The harpy simulacrum claws you.
* * * LOW HITPOINT WARNING * * *
The harpy simulacrum freezes you!
You die...

#...###+++######
#...°.....#
#..°......#
######.g.........
.......○Z#####...
.......hh# ...
......○..# #...
######○Z.# #@..#
+.).Z1# +..Z..#
+.......
###......
#.......)
#...####. #...#


You could see Grunn, 2 doom hounds, a Tzitzimitl, a harpy simulacrum, a titan
zombie, an alligator snapping turtle skeleton and a bunyip skeleton.

Vanquished Creatures
  Bai Suzhen (Crypt:1)
  Nikola (Vaults:3)
  Asterion (Snake:4)
  2 quicksilver dragons (Snake:4)
  A kraken (Shoals:4)
  Gastronok (Lair:1)
  5 sphinxes
  The ghost of Oradghuzu the Ruinous, an adept TeCj of Sif Muna (Shoals:1)
  A tengu reaver (Vaults:2)
  3 nagarajas
  2 storm dragons (Vaults:5)
  Ilsuiw (Shoals:3)
  16 vault wardens
  A deep elf sorcerer (Vaults:5)
  3 frost giants
  3 curse skulls (Crypt:1)
  9 very ugly things
  2 war gargoyles
  11 ironbound preservers
  3 stone giants
  A juggernaut skeleton (Crypt:1)
  6 ironbound thunderhulks
  The ghost of jimonade the Peltast, a journeyman DsHW of Hepliaklqana (Orc:2)
  3 vampire knights (Crypt:1)
  8 dire elephants
  A white draconian (IceCv)
  A minotaur (Gauntlet)
  Snorg (D:12)
  2 deep elf death magi
  An acid blob zombie (Crypt:1)
  6 ettins
  3 merfolk javelineers
  A deep elf high priest (Vaults:5)
  6 merfolk impalers
  5 yaktaur captains
  5 jiangshi
  3 entropy weavers
  Harold (Orc:1)
  5 hydras
  4 salamander tyrants (Snake:4)
  2 peacekeepers (Vaults:2)
  2 ice dragons (IceCv)
  9 anacondas
  A merfolk avatar (Shoals:4)
  18 vault guards
  18 ironbound frosthearts
  A merfolk aquamancer (Shoals:4)
  2 two-headed ogres
  7 boulder beetles
  3 catoblepae
  20 centaur warriors
  2 death knights (Crypt:1)
  12 death yaks
  An alligator snapping turtle (Shoals:4)
  A satyr (Shoals:4)
  A tengu warrior (D:14)
  2 orc high priests (Orc:2)
  8 naga warriors
  2 vampire magi (Crypt:1)
  Urug (Orc:2)
  8 shock serpents
  12 naga sharpshooters
  3 sixfirhies (Gauntlet)
  4 skeletal warriors (Crypt:1)
  11 sea snakes
  22 deep trolls
  2 flayed ghosts
  4 salamander mystics
  7 wizards
  Pikel (D:4)
  4 naga ritualists
  19 harpies
  A necromancer (Crypt:2)
  17 ironbound convokers
  7 phantasmal warriors
  22 lindwurms
  An orc knight (Bailey)
  An orange crystal statue (IceCv)
  5 mana vipers
  An orc sorcerer (Orc:2)
  2 deep elf pyromancers
  10 cyclopes
  10 fauns
  2 eleionoma zombies (Crypt:2)
  2 wolf spiders (Lair:1)
  11 merfolk sirens
  A moth of wrath (Gauntlet)
  13 salamanders
  47 ugly things
  14 manticores
  2 large abominations (Gauntlet)
  Maurice (D:8)
  An orange demon (D:8)
  2 ice statues (Snake:2)
  A torpor snail (Lair:2)
  19 vault sentinels
  Joseph (D:8)
  11 naga magi
  34 black mambas
  4 guardian serpents
  A gargoyle (Gauntlet)
  3 water nymphs
  13 cane toads
  24 rime drakes
  5 freezing wraiths
  3 unseen horrors
  2 kobold demonologists (D:12)
  A death yak zombie (Crypt:2)
  An efreet (D:15)
  3 tengu conjurers
  10 komodo dragons
  29 yaktaurs
  30 merfolk
  7 wind drakes
  5 hornets
  5 trolls
  A boulder beetle zombie (Crypt:1)
  13 polar bears
  3 blink frogs (Lair:4)
  A jumping spider zombie (Crypt:1)
  9 dream sheep
  A jumping spider (Vaults:1)
  9 snapping turtles
  Sigmund (D:2)
  16 spriggans (Lair:5)
  9 wraiths
  A shadow (D:11)
  2 water elementals
  3 flying skulls (Crypt:1)
  14 wyverns
  19 yaks
  3 steam dragons
  19 basilisks
  3 wargs
  39 nagas
  An acid dragon (D:13)
  10 water moccasins
  A black bear (shapeshifter) (D:15)
  22 orc warriors
  6 black bears
  6 small abominations (Gauntlet)
  3 boggarts (Lair:5)
  7 ogres
  43 wolves
  6 centaurs
  2 lemures (D:4)
  A lindwurm skeleton (Crypt:1)
  15 kobold brigands
  6 bullfrogs
  2 gnoll sergeants
  5 scorpions
  A necrophage (D:6)
  A salamander skeleton (Crypt:1)
  7 wights
  A howler monkey (D:4)
  2 hounds
  18 orc priests
  Crazy Yiuf (D:2)
  2 gnoll boudas
  3 iguanas
  Ijyb (D:3)
  21 orc wizards
  9 hell rats
  A deep dwarf skeleton (Crypt:1)
  A tengu skeleton (Crypt:1)
  12 gnolls
  6 adders
  4 white imps
  An ufetubus (Vaults:3)
  A worm (D:4)
  72 orcs
  2 endoplasms (D:1)
  3 giant cockroaches
  6 goblins
  2 hobgoblins
  3 quokkas (D:1)
  3 ball pythons
  4 bats
  2 frilled lizards
  45 kobolds
  A kobold skeleton (Crypt:1)
  4 rats
  4 tentacles (Shoals:4)
1273 creatures vanquished.

Vanquished Creatures (collateral kills)
  A nagaraja (Snake:4)
  3 ice dragons (IceCv)
  An ironbound frostheart (IceCv)
  An ugly thing (IceCv)
  A cyclops (Orc:2)
  2 rime drakes (IceCv)
  A wind drake (Shoals:4)
  A merfolk (Shoals:4)
  2 polar bears (IceCv)
13 creatures vanquished.

Vanquished Creatures (others)
  An ironbound thunderhulk (Vaults:4)
  6 great orbs of eyes
  An ettin (Orc:2)
  A centaur warrior (Vaults:2)
  3 glowing orange brains
  A wizard (Vaults:3)
  2 ironbound convokers
  An ugly thing (Vaults:3)
  2 cyclopes (Orc:2)
  A moth of wrath (shapeshifter) (Vaults:5)
  A manticore (D:13)
  2 vault sentinels
  A freezing wraith (D:10)
  5 yaktaurs
  22 slime creatures
  A wyvern (Lair:3)
  A wraith (D:10)
  A naga (Snake:4)
  2 orc warriors (Orc:2)
  A black bear (Lair:5)
  A centaur (D:12)
  A bullfrog (Lair:1)
  A wight (D:5)
  3 howler monkeys (D:8)
  101 jellies
  5 orc priests
  An iguana (D:6)
  An orc wizard (Orc:2)
  A hell rat (Lair:3)
  2 gnolls (D:8)
  A dart slug (D:4)
  7 orcs
  3 ball pythons
  2 endoplasms
  A goblin (D:4)
  A hobgoblin (D:2)
  8 kobolds
  A quokka (D:2)
  A rat (D:2)
  2 bushes
  57 fungi
  109 plants
  8 tentacles (Shoals:4)
  5 toadstools (D:4)
379 creatures vanquished.

Grand Total: 1665 creatures vanquished

Notes
Turn   | Place    | Note
-------+----------+-------------------------------------------
     0 | D:1      | Monkooky the Palentonga Wanderer began the quest for the
                  | Orb.
     0 | D:1      | Monkooky set off with the following items: a +0 mace, a
                  | piece from Xom's chessboard (15/15), a potion of
                  | brilliance, a +0 leather armour; and the following spell
                  | memorised: Sting; and the following spells available to
                  | memorise: Poisonous Vapours, Mephitic Cloud.
     0 | D:1      | Reached XP level 1. HP: 16/16 MP: 2/2
   459 | D:1      | Reached XP level 2. HP: 19/22 MP: 3/3
   682 | D:1      | Found a faded altar of an unknown god.
   691 | D:1      | Prayed at the altar of an unknown god.
   691 | D:1      | Became a worshipper of Jiyva Jeymym the Shapeless
   691 | D:1      | Reached * piety under Jiyva
  1149 | D:2      | Noticed Sigmund
  1167 | D:2      | Killed Sigmund
  1168 | D:2      | Reached skill level 5 in Maces & Flails
  1168 | D:2      | Reached XP level 3. HP: 14/27 MP: 4/4
  1168 | D:2      | Reached XP level 4. HP: 17/34 MP: 5/5
  1168 | D:2      | Reached XP level 5. HP: 20/39 MP: 6/6
  1299 | D:2      | Reached ** piety under Jiyva
  1577 | D:2      | Found a runed translucent door.
  1578 | D:2      | Noticed Crazy Yiuf
  2107 | D:3      | Noticed Ijyb
  2116 | D:3      | Killed Ijyb
  2367 | D:3      | Reached *** piety under Jiyva
  2789 | D:4      | Gained mutation: You are partially covered in iridescent
                  | scales. (AC +2) [Jiyva's grace]
  2789 | D:4      | Gained mutation: You are mostly covered in iridescent
                  | scales. (AC +4) [Jiyva's grace]
  2789 | D:4      | Gained mutation: You are completely covered in iridescent
                  | scales. (AC +6) [Jiyva's grace]
  2789 | D:4      | Gained mutation: You can roll at foes to attack. [Jiyva's
                  | grace]
  2796 | D:4      | Noticed a lemure
  2815 | D:4      | Noticed a lemure
  2816 | D:4      | Killed a lemure
  2823 | D:4      | Noticed Pikel
  2824 | D:4      | Noticed a lemure
  2830 | D:4      | Killed a lemure
  2833 | D:4      | Killed Pikel
  2834 | D:4      | Reached XP level 6. HP: 46/46 MP: 5/7
  2834 | D:4      | Gained mutation: You curl defensively after being hit. (AC
                  | +7*) [Palentonga growth]
  2834 | D:4      | Reached XP level 7. HP: 51/51 MP: 5/8
  3396 | D:4      | Reached **** piety under Jiyva
  3573 | D:5      | Entered Level 5 of the Dungeon
  3663 | D:5      | Reached XP level 8. HP: 64/64 MP: 9/9
  3879 | D:5      | Reached skill level 5 in Fighting
  3950 | D:5      | Learned a level 2 spell: Wereblood
  4000 | D:5      | Reached skill level 1 in Transmutations
  4467 | D:6      | Reached skill level 5 in Transmutations
  4517 | D:6      | Reached XP level 9. HP: 72/72 MP: 10/10
  4686 | D:6      | Lost mutation: You are completely covered in iridescent
                  | scales. (AC +6) [Jiyva's grace]
  4686 | D:6      | Gained mutation: You have large cloven feet. [Jiyva's
                  | grace]
  4686 | D:6      | Gained mutation: You have hoof-like feet. [Jiyva's grace]
  4686 | D:6      | Gained mutation: You have hooves in place of feet. [Jiyva's
                  | grace]
  4686 | D:6      | Gained mutation: Your melee attacks may engulf your foes in
                  | ooze. [Jiyva's grace]
  5075 | D:2      | Killed Crazy Yiuf
  5188 | D:7      | Found a staircase to the Ecumenical Temple.
  5226 | D:7      | Reached ***** piety under Jiyva
  5276 | D:7      | Found Oferih Salor's Distillery.
  5336 | D:7      | Bought a potion of cancellation for 112 gold pieces
  5336 | D:7      | Bought a potion of curing for 42 gold pieces
  5336 | D:7      | Bought a potion of mutation for 112 gold pieces
  5336 | D:7      | Bought a potion of degeneration for 14 gold pieces
  5336 | D:7      | Bought a potion of heal wounds for 70 gold pieces
  6175 | D:8      | Noticed Maurice
  6181 | D:8      | Killed Maurice
  6238 | D:8      | Noticed a two-headed ogre
  6252 | D:8      | Killed a two-headed ogre
  6253 | D:8      | Reached skill level 10 in Transmutations
  6257 | D:8      | Noticed Joseph
  6264 | D:8      | Reached XP level 10. HP: 79/79 MP: 9/11
  6269 | D:8      | Killed Joseph
  6358 | D:8      | Found a flagged portal.
  6369 | D:8      | Noticed Amaemon
  6369 | D:8      | Noticed an orange demon
  6374 | D:8      | Slimified Amaemon
  6374 | D:8      | Amaemon changed into Amaemon the slime creature
  6374 | D:8      | Noticed Amaemon
  6392 | Bailey   | Entered a bailey
  6485 | Bailey   | Noticed an orc knight
  6488 | Bailey   | Noticed an orc knight
  6506 | Bailey   | Slimified an orc knight
  6506 | Bailey   | an orc knight changed into a slime creature
  6508 | Bailey   | HP: 2/82 [orc knight/+0 war axe (26)]
  6510 | Bailey   | Killed an orc knight
  6511 | Bailey   | Reached skill level 10 in Maces & Flails
  6512 | Bailey   | Found an iron altar of Okawaru.
  6627 | D:8      | Killed an orange demon
  6995 | D:8      | Found a staircase to the Lair.
  7434 | D:9      | Lost mutation: You have hooves in place of feet. [Jiyva's
                  | grace]
  7434 | D:9      | Lost mutation: You are mostly covered in iridescent scales.
                  | (AC +4) [Jiyva's grace]
  7434 | D:9      | Lost mutation: You can roll at foes to attack. [Jiyva's
                  | grace]
  7434 | D:9      | Lost mutation: Your melee attacks may engulf your foes in
                  | ooze. [Jiyva's grace]
  7434 | D:9      | Gained mutation: You have a pair of small antennae on your
                  | head. [Jiyva's grace]
  7434 | D:9      | Gained mutation: You have a pair of antennae on your head.
                  | [Jiyva's grace]
  7434 | D:9      | Gained mutation: You have a pair of large antennae on your
                  | head. (SInv) [Jiyva's grace]
  7434 | D:9      | Gained mutation: You are strong-willed. (Will+) [Jiyva's
                  | grace]
  7594 | D:9      | Noticed a two-headed ogre
  7602 | D:9      | Killed a two-headed ogre
  7817 | D:10     | Entered Level 10 of the Dungeon
  7849 | D:10     | Reached XP level 11. HP: 82/93 MP: 12/12
  7873 | D:10     | Found a runed translucent gate.
  7877 | D:10     | Found a runed translucent gate.
  7877 | D:10     | Noticed jlumianski's ghost (journeyman DsGl)
  7878 | D:10     | Found a runed translucent gate.
  7878 | D:10     | Noticed a ten-headed hydra
  7878 | D:10     | Noticed a 12-headed hydra
  7940 | D:10     | Noticed a death knight
  7962 | D:10     | Slimified a death knight
  7962 | D:10     | a death knight changed into an azure jelly
  7962 | D:10     | Noticed an azure jelly
  8126 | D:10     | Found an iron altar of Okawaru.
  8126 | D:10     | Found a shimmering altar of Xom.
  8200 | D:10     | Found a hide-covered altar of Uskayaw.
  8300 | D:11     | Noticed a boulder beetle
  8301 | D:11     | Reached skill level 1 in Armour
  8301 | D:11     | Reached skill level 1 in Dodging
  8309 | D:11     | Killed a boulder beetle
  8560 | D:11     | Found a portal to a secret trove of treasure.
  8781 | D:12     | Noticed a boulder beetle
  8781 | D:12     | Noticed a deep elf pyromancer
  8781 | D:12     | Noticed a seven-headed hydra
  8787 | D:12     | Noticed a centaur warrior
  8789 | D:12     | Killed a seven-headed hydra
  8792 | D:12     | Killed a deep elf pyromancer
  8793 | D:12     | Noticed a centaur warrior
  8914 | D:12     | Reached skill level 1 in Unarmed Combat
  8949 | D:12     | Reached skill level 2 in Unarmed Combat
  8994 | D:12     | Noticed Snorg
  9001 | D:12     | Killed Snorg
  9002 | D:12     | Reached skill level 3 in Unarmed Combat
  9114 | D:12     | Found a staircase to the Orcish Mines.
  9134 | D:12     | Reached skill level 4 in Unarmed Combat
  9134 | D:12     | Reached XP level 12. HP: 101/101 MP: 13/13
  9246 | D:12     | Killed a centaur warrior
  9247 | D:12     | Reached skill level 5 in Unarmed Combat
  9262 | D:12     | Identified the +0 robe "Ranahedo" {rF+ rC- rCorr}
  9270 | D:12     | Killed a centaur warrior
  9271 | D:12     | Reached skill level 6 in Unarmed Combat
  9278 | D:12     | Killed a boulder beetle
  9334 | D:13     | Lost mutation: You are partially covered in iridescent
                  | scales. (AC +2) [Jiyva's grace]
  9334 | D:13     | Gained mutation: Armour fits poorly on your pseudopods.
                  | [Jiyva's grace]
  9334 | D:13     | Gained mutation: Armour fits poorly on your large
                  | pseudopods. [Jiyva's grace]
  9334 | D:13     | Gained mutation: Armour fits poorly on your massive
                  | pseudopods. [Jiyva's grace]
  9334 | D:13     | Gained mutation: Your mind is acute. (Int +4, Str/Dex -1)
                  | [Jiyva's grace]
  9373 | D:13     | Learned a level 5 spell: Blade Hands
  9398 | D:13     | Noticed a vault guard
  9413 | D:13     | Found a gate to the Vaults.
  9414 | D:13     | Noticed a boulder beetle
  9416 | D:13     | Noticed a vault guard
  9418 | D:13     | Noticed a centaur warrior
  9427 | D:13     | Killed a vault guard
  9428 | D:13     | Reached skill level 7 in Unarmed Combat
  9428 | D:13     | Killed a centaur warrior
  9440 | D:13     | Reached skill level 8 in Unarmed Combat
  9441 | D:13     | Killed a vault guard
  9441 | D:13     | Noticed a centaur warrior
  9444 | D:13     | Killed a boulder beetle
  9445 | D:13     | Reached skill level 9 in Unarmed Combat
  9446 | D:13     | Killed a centaur warrior
  9450 | D:13     | Noticed a vault guard
  9454 | D:13     | Killed a vault guard
  9572 | D:13     | Noticed a catoblepas
  9572 | D:13     | Noticed a vault guard
  9581 | D:13     | Killed a catoblepas
  9582 | D:13     | Reached skill level 10 in Unarmed Combat
  9585 | D:13     | Killed a vault guard
  9607 | D:13     | Noticed ytrimaz's ghost (journeyman HOFi)
  9616 | D:13     | Found a transporter.
  9623 | D:13     | Found a transporter.
  9709 | D:13     | Noticed a boulder beetle
  9721 | D:13     | Killed a boulder beetle
 10018 | D:13     | Noticed a four-headed hydra
 10021 | D:13     | Killed a four-headed hydra
 10022 | D:13     | Reached skill level 11 in Unarmed Combat
 10284 | Lair:1   | Entered Level 1 of the Lair of Beasts
 10342 | Lair:1   | Reached XP level 13. HP: 67/108 MP: 10/14
 10401 | Lair:1   | Identified the +10 war axe of Law {vorpal, rN+}
 10492 | Lair:1   | Reached ****** piety under Jiyva
 10520 | Lair:1   | Noticed Gastronok
 10527 | Lair:1   | Killed Gastronok
 10573 | Lair:1   | Lost mutation: You have a pair of large antennae on your
                  | head. (SInv) [Jiyva's grace]
 10573 | Lair:1   | Lost mutation: You have hoof-like feet. [Jiyva's grace]
 10573 | Lair:1   | Lost mutation: Armour fits poorly on your massive
                  | pseudopods. [Jiyva's grace]
 10573 | Lair:1   | Gained mutation: Armour fits poorly on your massive
                  | pseudopods. [Jiyva's grace]
 10573 | Lair:1   | Gained mutation: Your rubbery body absorbs attacks. (AC +1,
                  | EV +1) [Jiyva's grace]
 10573 | Lair:1   | Gained mutation: Your pliable body absorbs attacks. (AC +2,
                  | EV +2) [Jiyva's grace]
 10573 | Lair:1   | Gained mutation: Your gelatinous body deflects attacks. (AC
                  | +3, EV +3) [Jiyva's grace]
 10604 | Lair:1   | Reached skill level 12 in Unarmed Combat
 10962 | Lair:2   | Found a staircase to the Shoals.
 11098 | Lair:2   | Reached skill level 13 in Unarmed Combat
 11617 | Lair:3   | Found a staircase to the Snake Pit.
 11656 | Lair:3   | Reached skill level 14 in Unarmed Combat
 11969 | Lair:3   | Reached skill level 15 in Unarmed Combat
 12390 | Lair:4   | Lost mutation: Your gelatinous body deflects attacks. (AC
                  | +3, EV +3) [Jiyva's grace]
 12390 | Lair:4   | Lost mutation: Your pliable body absorbs attacks. (AC +2,
                  | EV +2) [Jiyva's grace]
 12390 | Lair:4   | Lost mutation: Armour fits poorly on your massive
                  | pseudopods. [Jiyva's grace]
 12390 | Lair:4   | Gained mutation: You expend magic power (3 MP) to
                  | strengthen your wands. [Jiyva's grace]
 12390 | Lair:4   | Gained mutation: Your translucent skin slightly reduces
                  | your foes' accuracy. (Stealth+) [Jiyva's grace]
 12390 | Lair:4   | Gained mutation: Your translucent skin reduces your foes'
                  | accuracy. (Stealth+) [Jiyva's grace]
 12390 | Lair:4   | Gained mutation: Your transparent skin significantly
                  | reduces your foes' accuracy. (Stealth+) [Jiyva's grace]
 12456 | Lair:4   | Found a staircase to the Slime Pits.
 12457 | Lair:4   | Found a viscous altar of Jiyva.
 12536 | Lair:4   | Reached XP level 14. HP: 115/115 MP: 7/15
 12573 | Lair:4   | Reached skill level 16 in Unarmed Combat
 13048 | Slime:1  | Entered Level 1 of the Pits of Slime
 13068 | Slime:2  | Noticed an azure jelly
 13072 | Slime:3  | Noticed an acid blob
 13073 | Slime:3  | Noticed a quicksilver ooze
 13079 | Slime:3  | Noticed a quicksilver ooze
 13113 | Slime:5  | Entered Level 5 of the Pits of Slime
 13113 | Slime:5  | Noticed an acid blob
 13136 | Slime:5  | Found a viscous altar of Jiyva.
 13138 | Slime:5  | Noticed an acid blob
 13138 | Slime:5  | Noticed a rockslime
 13141 | Slime:5  | Noticed the Royal Jelly
 13141 | Slime:5  | Noticed an acid blob
 13142 | Slime:5  | Noticed an acid blob
 13143 | Slime:5  | Noticed an acid blob
 13143 | Slime:5  | Noticed an acid blob
 13147 | Slime:5  | Identified the ring "Fututs" {rPois rN+ SInv}
 13150 | Slime:5  | Got the Lectures on Attacks and Coordinates
 13156 | Slime:5  | Identified the +4 whip "Tirookk" {elec, Drain rPois rC+
                  | Dex+6}
 13159 | Slime:5  | Got a slimy rune of Zot
 13160 | Slime:5  | Identified the amulet "Woyne" {Regen+ rCorr}
 13170 | Slime:5  | Identified the -1 pair of gloves of Words of Power {rPois}
 13172 | Slime:5  | Identified the +11 flail of Foolhardiness {flame, Will+
                  | Str-5 Int+2 Dex+5}
 13191 | Slime:5  | Noticed an azure jelly
 13209 | Slime:5  | Noticed a quicksilver ooze
 13223 | Slime:5  | Noticed a quicksilver ooze
 13229 | Slime:5  | Noticed a rockslime
 13248 | Slime:3  | Noticed an azure jelly
 13252 | Slime:2  | Noticed an azure jelly
 13301 | Lair:5   | Entered Level 5 of the Lair of Beasts
 13377 | Lair:5   | Reached skill level 17 in Unarmed Combat
 13509 | Lair:5   | Reached skill level 10 in Fighting
 13597 | Lair:5   | Lost mutation: Your rubbery body absorbs attacks. (AC +1,
                  | EV +1) [Jiyva's grace]
 13597 | Lair:5   | Lost mutation: Armour fits poorly on your large pseudopods.
                  | [Jiyva's grace]
 13597 | Lair:5   | Lost mutation: Your transparent skin significantly reduces
                  | your foes' accuracy. (Stealth+) [Jiyva's grace]
 13597 | Lair:5   | Gained mutation: You are agile. (Dex +4, Str/Int -1)
                  | [Jiyva's grace]
 13597 | Lair:5   | Gained mutation: You are very agile. (Dex +8, Str/Int -2)
                  | [Jiyva's grace]
 13597 | Lair:5   | Gained mutation: You are somewhat resistant to further
                  | mutation. [Jiyva's grace]
 13597 | Lair:5   | Gained mutation: You are somewhat resistant to both further
                  | mutation and mutation removal. [Jiyva's grace]
 14381 | Orc:1    | Entered Level 1 of the Orcish Mines
 14381 | Orc:1    | Noticed Harold
 14386 | Orc:1    | Killed Harold
 14530 | Orc:2    | Entered Level 2 of the Orcish Mines
 14593 | Orc:2    | Noticed Urug
 14596 | Orc:2    | Found a runed translucent door.
 14596 | Orc:2    | Killed Urug
 14605 | Orc:2    | Noticed an orc warlord
 14606 | Orc:2    | Found Keboghy's General Store.
 14606 | Orc:2    | Noticed a stone giant
 14613 | Orc:2    | Slimified a stone giant
 14613 | Orc:2    | a stone giant changed into an acid blob
 14613 | Orc:2    | Noticed an acid blob
 14616 | Orc:2    | Slimified an orc warlord
 14616 | Orc:2    | an orc warlord changed into an acid blob
 14616 | Orc:2    | Noticed an acid blob
 14622 | Orc:2    | Reached skill level 5 in Armour
 14622 | Orc:2    | Reached skill level 5 in Dodging
 14632 | Orc:2    | Found a gate leading to a gauntlet.
 14641 | Orc:2    | Reached XP level 15. HP: 88/128 MP: 13/16
 14652 | Orc:2    | Found Zetz's Antique Weapon Shop.
 14680 | Orc:2    | Found Itatium's Jewellery Emporium.
 14797 | Orc:2    | Bought a potion of haste for 160 gold pieces
 14805 | Gauntlet | Entered a Gauntlet
 14805 | Gauntlet | Found a transporter.
 14806 | Gauntlet | Found a runed translucent gate.
 14806 | Gauntlet | Found a runed translucent gate.
 14807 | Gauntlet | Found a runed translucent gate.
 14812 | Gauntlet | Found a transporter.
 14815 | Gauntlet | Found a transporter.
 14816 | Gauntlet | Found a transporter.
 14825 | Gauntlet | Found a transporter.
 14827 | Gauntlet | Found a transporter.
 14828 | Gauntlet | Found a transporter.
 14832 | Gauntlet | Found a runed translucent door.
 14905 | Gauntlet | Identified the +1 pair of boots of Undesirable Species
                  | {Fly}
 14908 | Gauntlet | Found a runed translucent door.
 14911 | Gauntlet | Found a transporter.
 14911 | Gauntlet | Found a transporter.
 14911 | Gauntlet | Found a transporter.
 14935 | Gauntlet | Found a transporter.
 14935 | Gauntlet | Found a transporter.
 14935 | Gauntlet | Found a transporter.
 14949 | Gauntlet | Found a transporter.
 14982 | Gauntlet | Identified the +2 acid dragon scales of Tortured Freedom
                  | {Will- rCorr Dex+4}
 14996 | Orc:2    | Found Tiretag's Antique Armour Shoppe.
 15027 | Orc:2    | Noticed jimonade's ghost (journeyman DsHW)
 15042 | Orc:2    | Killed jimonade's ghost
 15103 | Orc:2    | Found a staircase to the Elven Halls.
 15284 | Orc:2    | Bought a distressingly furry plate armour for 700 gold
                  | pieces
 15284 | Orc:2    | Identified the +9 plate armour of Voadd {-Cast rPois Str+4}
                  | (You bought it in a shop on level 2 of the Orcish Mines)
 15494 | Snake:1  | Entered Level 1 of the Snake Pit
 15665 | Snake:1  | Lost mutation: You are somewhat resistant to both further
                  | mutation and mutation removal. [Jiyva's grace]
 15665 | Snake:1  | Lost mutation: You expend magic power (3 MP) to strengthen
                  | your wands. [Jiyva's grace]
 15665 | Snake:1  | Gained mutation: Your muscles are strong. (Str +4, Int/Dex
                  | -1) [Jiyva's grace]
 15665 | Snake:1  | Gained mutation: Your muscles are very strong. (Str +8,
                  | Int/Dex -2) [Jiyva's grace]
 15665 | Snake:1  | Gained mutation: You expend magic power (3 MP) to
                  | strengthen your wands. [Jiyva's grace]
 15665 | Snake:1  | Gained mutation: Your melee attacks may engulf your foes in
                  | ooze. [Jiyva's grace]
 15880 | Snake:1  | Found a broken altar of Ashenzari.
 16016 | Snake:2  | Found a frozen archway.
 16158 | Snake:2  | Noticed a nagaraja
 16164 | Snake:2  | Killed a nagaraja
 16231 | IceCv    | Entered an ice cave
 16403 | IceCv    | Noticed a frost giant
 16405 | IceCv    | Killed a frost giant
 16406 | IceCv    | Noticed a frost giant
 16411 | IceCv    | Reached XP level 16. HP: 105/135 MP: 11/17
 17403 | Snake:3  | Lost mutation: You have large cloven feet. [Jiyva's grace]
 17403 | Snake:3  | Lost mutation: You are very agile. (Dex +8, Str/Int -2)
                  | [Jiyva's grace]
 17403 | Snake:3  | Lost mutation: Your mind is acute. (Int +4, Str/Dex -1)
                  | [Jiyva's grace]
 17403 | Snake:3  | Lost mutation: You are strong-willed. (Will+) [Jiyva's
                  | grace]
 17403 | Snake:3  | Lost mutation: You are somewhat resistant to further
                  | mutation. [Jiyva's grace]
 17403 | Snake:3  | Lost mutation: Armour fits poorly on your pseudopods.
                  | [Jiyva's grace]
 17403 | Snake:3  | Lost mutation: Your translucent skin reduces your foes'
                  | accuracy. (Stealth+) [Jiyva's grace]
 17403 | Snake:3  | Lost mutation: Your melee attacks may engulf your foes in
                  | ooze. [Jiyva's grace]
 17403 | Snake:3  | Gained mutation: You are strong-willed. (Will+) [Jiyva's
                  | grace]
 17403 | Snake:3  | Gained mutation: You are highly strong-willed. (Will++)
                  | [Jiyva's grace]
 17403 | Snake:3  | Gained mutation: You are extremely strong-willed. (Will+++)
                  | [Jiyva's grace]
 17403 | Snake:3  | Gained mutation: Your spells are a little harder to cast,
                  | but a little more powerful. [Jiyva's grace]
 18068 | Snake:4  | Entered Level 4 of the Snake Pit
 18072 | Snake:4  | Noticed Asterion
 18098 | Snake:4  | Killed Asterion
 18361 | Snake:4  | Reached skill level 5 in Spellcasting
 18473 | Snake:4  | Noticed a quicksilver dragon
 18477 | Snake:4  | Killed a quicksilver dragon
 18486 | Snake:4  | Noticed a quicksilver dragon
 18489 | Snake:4  | Reached skill level 10 in Armour
 18493 | Snake:4  | Killed a quicksilver dragon
 18499 | Snake:4  | Reached XP level 17. HP: 145/145 MP: 21/26
 18541 | Snake:4  | Got a serpentine rune of Zot
 19222 | Shoals:1 | Entered Level 1 of the Shoals
 19480 | Shoals:1 | Found a runed translucent gate.
 19480 | Shoals:1 | Found a runed translucent gate.
 19480 | Shoals:1 | Found a runed translucent gate.
 19480 | Shoals:1 | Noticed Oradghuzu's ghost (adept TeCj)
 19506 | Shoals:1 | Killed Oradghuzu's ghost
 19532 | Shoals:1 | Reached skill level 18 in Unarmed Combat
 19581 | Shoals:1 | Lost mutation: You have a pair of antennae on your head.
                  | [Jiyva's grace]
 19581 | Shoals:1 | Lost mutation: You are extremely strong-willed. (Will+++)
                  | [Jiyva's grace]
 19581 | Shoals:1 | Lost mutation: Your muscles are very strong. (Str +8,
                  | Int/Dex -2) [Jiyva's grace]
 19581 | Shoals:1 | Lost mutation: Your translucent skin slightly reduces your
                  | foes' accuracy. (Stealth+) [Jiyva's grace]
 19581 | Shoals:1 | Gained mutation: You have a small jelly attached to you
                  | that may absorb projectiles. [Jiyva's grace]
 19581 | Shoals:1 | Gained mutation: Your muscles are very strong. (Str +8,
                  | Int/Dex -2) [Jiyva's grace]
 19581 | Shoals:1 | Gained mutation: You have hidden genetic potential.
                  | [Jiyva's grace]
 19581 | Shoals:1 | Gained mutation: You have great hidden genetic potential.
                  | [Jiyva's grace]
 19637 | Shoals:1 | Identified the +1 robe of Brilliance {Will++ Int-4}
 20218 | Shoals:2 | Found Fereydun's Dragon-Slaying Spoils.
 20588 | Shoals:3 | Noticed Ilsuiw
 20604 | Shoals:3 | Killed Ilsuiw
 20934 | Shoals:3 | Lost mutation: You are highly strong-willed. (Will++)
                  | [Jiyva's grace]
 20934 | Shoals:3 | Lost mutation: Your muscles are very strong. (Str +8,
                  | Int/Dex -2) [Jiyva's grace]
 20934 | Shoals:3 | Lost mutation: Your spells are a little harder to cast, but
                  | a little more powerful. [Jiyva's grace]
 20934 | Shoals:3 | Gained mutation: Your body has grown eyes which may confuse
                  | attackers. (Acc +3) [Jiyva's grace]
 20934 | Shoals:3 | Gained mutation: Your body has grown many eyes which may
                  | confuse attackers. (Acc +5) [Jiyva's grace]
 20934 | Shoals:3 | Gained mutation: Your body is covered in eyes which may
                  | confuse attackers. (Acc +7, SInv) [Jiyva's grace]
 20934 | Shoals:3 | Gained mutation: You can roll at foes to attack. [Jiyva's
                  | grace]
 21088 | Shoals:4 | Entered Level 4 of the Shoals
 21119 | Shoals:4 | Reached skill level 15 in Fighting
 21407 | Shoals:4 | Identified the +8 bardiche "Plog" {vorpal, rN+ rCorr}
 21634 | Shoals:4 | Noticed a kraken
 21747 | Shoals:4 | Reached skill level 5 in Evocations
 21814 | Shoals:4 | Reached XP level 18. HP: 159/159 MP: 27/27
 21888 | Shoals:4 | Got a barnacled rune of Zot
 22372 | D:14     | Gained mutation: You are robust. (+10% HP) [hidden
                  | potential]
 22837 | D:15     | Entered Level 15 of the Dungeon
 22905 | D:15     | Found a staircase to the Depths.
 22965 | D:15     | Lost mutation: You are robust. (+10% HP) [Jiyva's grace]
 22965 | D:15     | Lost mutation: Your body is covered in eyes which may
                  | confuse attackers. (Acc +7, SInv) [Jiyva's grace]
 22965 | D:15     | Lost mutation: Your body has grown many eyes which may
                  | confuse attackers. (Acc +5) [Jiyva's grace]
 22965 | D:15     | Lost mutation: You have a small jelly attached to you that
                  | may absorb projectiles. [Jiyva's grace]
 22965 | D:15     | Gained mutation: You have a somewhat thin skeletal
                  | structure. (Dex +2, Stealth+) [Jiyva's grace]
 22965 | D:15     | Gained mutation: You have a moderately thin skeletal
                  | structure. (Dex +4, Stealth++) [Jiyva's grace]
 22965 | D:15     | Gained mutation: You have an unnaturally thin skeletal
                  | structure. (Dex +6, Stealth+++) [Jiyva's grace]
 22965 | D:15     | Gained mutation: Your tail ends in a venomous barb.
                  | [Jiyva's grace]
 23594 | Vaults:1 | Entered Level 1 of the Vaults
 23594 | Vaults:1 | Found Qagory's Weapon Shop.
 23901 | Vaults:1 | Reached skill level 10 in Dodging
 24620 | Vaults:1 | Lost mutation: Your tail ends in a venomous barb. [Jiyva's
                  | grace]
 24620 | Vaults:1 | Gained mutation: Your mind is acute. (Int +4, Str/Dex -1)
                  | [Jiyva's grace]
 24620 | Vaults:1 | Gained mutation: Your mind is very acute. (Int +8, Str/Dex
                  | -2) [Jiyva's grace]
 24620 | Vaults:1 | Gained mutation: A frigid envelope surrounds you and
                  | freezes all who hurt you. [Jiyva's grace]
 24620 | Vaults:1 | Gained mutation: You have a beak for a mouth. [Jiyva's
                  | grace]
 24994 | Vaults:2 | Found Jamies's Assorted Antiques.
 25006 | Vaults:2 | Bought a coppery potion for 17 gold pieces
 25143 | Vaults:2 | Reached skill level 19 in Unarmed Combat
 25150 | Vaults:2 | Reached XP level 19. HP: 164/167 MP: 28/28
 25224 | Vaults:2 | Gained mutation: You are partially covered in large bone
                  | plates. (SH +4) [hidden potential]
 25224 | Vaults:2 | Lost mutation: You have great hidden genetic potential.
                  | [hidden potential expressed]
 25625 | Vaults:2 | Identified the +0 hand axe "Alaxuseh" {drain, Fragile
                  | +Blink rC+++ Will-}
 25870 | Vaults:3 | Noticed Nikola
 25877 | Vaults:3 | Killed Nikola
 25936 | Vaults:3 | Found Saninlun's Antique Armour Shop.
 25966 | Vaults:3 | Learned a level 3 spell: Ignite Poison
 25972 | Vaults:3 | Learned a level 5 spell: Alistair's Intoxication
 26020 | Vaults:3 | Lost mutation: You are partially covered in large bone
                  | plates. (SH +4) [Jiyva's grace]
 26020 | Vaults:3 | Lost mutation: A frigid envelope surrounds you and freezes
                  | all who hurt you. [Jiyva's grace]
 26020 | Vaults:3 | Gained mutation: You have a pair of antennae on your head.
                  | [Jiyva's grace]
 26020 | Vaults:3 | Gained mutation: You have a pair of large antennae on your
                  | head. (SInv) [Jiyva's grace]
 26020 | Vaults:3 | Gained mutation: You are partially covered in iridescent
                  | scales. (AC +2) [Jiyva's grace]
 26020 | Vaults:3 | Gained mutation: You are mostly covered in iridescent
                  | scales. (AC +4) [Jiyva's grace]
 26805 | Vaults:3 | Found a staircase to the Crypt.
 26805 | Vaults:3 | Found an ancient bone altar of Kikubaaqudgha.
 26806 | Vaults:3 | Found a basalt altar of Yredelemnul.
 27077 | Vaults:4 | Reached skill level 20 in Unarmed Combat
 27291 | Vaults:4 | Reached XP level 20. HP: 179/179 MP: 29/29
 27661 | Vaults:4 | Lost mutation: You have an unnaturally thin skeletal
                  | structure. (Dex +6, Stealth+++) [Jiyva's grace]
 27661 | Vaults:4 | Lost mutation: You are agile. (Dex +4, Str/Int -1) [Jiyva's
                  | grace]
 27661 | Vaults:4 | Gained mutation: You passively dampen the noise of your
                  | surroundings. [Jiyva's grace]
 27661 | Vaults:4 | Gained mutation: You have acidic saliva. [Jiyva's grace]
 27661 | Vaults:4 | Gained mutation: You have a small jelly attached to you
                  | that may absorb projectiles. [Jiyva's grace]
 27661 | Vaults:4 | Gained mutation: You have sharp toenails. [Jiyva's grace]
 27800 | Vaults:4 | Gained mutation: Your muscles are very strong. (Str +8,
                  | Int/Dex -2) [hidden potential]
 28254 | Vaults:5 | Entered Level 5 of the Vaults
 28279 | Vaults:5 | Identified the +4 dagger "Rikeuxt" {vorpal, rC++ Dex-5}
 28356 | Vaults:5 | HP: 8/180 [yaktaur/bolt[a vault warden] (16)]
 28365 | Vaults:5 | HP: 9/180 [sphinx (11)]
 28372 | Vaults:5 | Noticed Saint Roka
 28635 | Crypt:1  | Entered Level 1 of the Crypt
 28807 | Crypt:1  | Noticed Bai Suzhen
 28814 | Crypt:1  | Killed Bai Suzhen
 29347 | Crypt:2  | Lost mutation: You are mostly covered in iridescent scales.
                  | (AC +4) [Jiyva's grace]
 29347 | Crypt:2  | Lost mutation: You are partially covered in iridescent
                  | scales. (AC +2) [Jiyva's grace]
 29347 | Crypt:2  | Lost mutation: Your muscles are very strong. (Str +8,
                  | Int/Dex -2) [Jiyva's grace]
 29347 | Crypt:2  | Lost mutation: Your muscles are strong. (Str +4, Int/Dex
                  | -1) [Jiyva's grace]
 29347 | Crypt:2  | Lost mutation: Your body has grown eyes which may confuse
                  | attackers. (Acc +3) [Jiyva's grace]
 29347 | Crypt:2  | Lost mutation: You have hidden genetic potential. [Jiyva's
                  | grace]
 29347 | Crypt:2  | Gained mutation: Your translucent skin slightly reduces
                  | your foes' accuracy. (Stealth+) [Jiyva's grace]
 29347 | Crypt:2  | Gained mutation: Your translucent skin reduces your foes'
                  | accuracy. (Stealth+) [Jiyva's grace]
 29347 | Crypt:2  | Gained mutation: Your transparent skin significantly
                  | reduces your foes' accuracy. (Stealth+) [Jiyva's grace]
 29347 | Crypt:2  | Gained mutation: Your natural rate of healing is unusually
                  | fast. [Jiyva's grace]
 29414 | Crypt:2  | Noticed Grunn
 29414 | Crypt:2  | Noticed a doom hound
 29414 | Crypt:2  | Noticed a doom hound
 29431 | Crypt:2  | HP: 4/168 [bunyip skeleton[a necromancer] (6)]
 29432 | Crypt:2  | Reached skill level 15 in Dodging
 29432 | Crypt:2  | Slain by a harpy simulacrum

Illustrated notes

Levels and vault maps discovered:
D:1:      lemuel_arrival_broad_hall, layout_loops_ring,
          shapermc_ecumenical_altar_mp_highgroup, minmay_pentomino_s4
D:2:      layout_basic, uniq_crazy_yiuf_cottage, uniq_sigmund
D:3:      layout_basic, uniq_ijyb
D:4:      cheibrodos_fertilizer, layout_basic, serial_co_window_serial,
          co_window_paths_a, co_window_paths_b, co_window_paths_a,
          co_window_paths_a, co_window_corner_a, co_window_2corner,
          co_window_corner_b, co_window_of_opportunity_b, glass_columns_a,
          glass_columns_a, uniq_pikel
D:5:      layout_basic
D:6:      layout_cave_pools
D:7:      layout_cave_pods, minmay_temple_entry_arrows, serial_shops, shop_coins
D:8:      layout_basic, lair_entry_dummy, enter_bailey_3, uniq_amaemon,
          uniq_maurice, uniq_joseph
D:9:      layout_roguey, minmay_misc_feat_diagonals
D:10:     layout_big_octagon, kennysheep_little_box,
          gammafunk_temple_overflow_wave, gammafunk_ghost_hydra_chop,
          grunt_decor_one_mirror, minmay_diced_spiral
D:11:     layout_rooms, enter_trove_6
D:12:     minmay_isolated_rectangles_in_corner, layout_basic, orc_0_dummy,
          uniq_snorg
D:13:     layout_stronghold, lightli_vaults_fourway_checkpoint,
          gammafunk_ghost_stat_death
D:14:     layout_irregular_city
D:15:     grunt_enter_depths_giant_problem, layout_long_grid,
          hangedman_decor_slide_cut
Lair:1:   layout_long_grid, nicolae_lair_run_with_the_wolves, uniq_gastronok
Lair:2:   layout_roguey, minmay_shoals_entry_centaurs
Lair:3:   layout_roguey [special_room_mythical_zoo], guppyfry_snake_entry_island
Lair:4:   layout_long_grid, slime_entry_1, special_room
          [special_room_mythical_zoo], kennysheep_basilisk_garden
Lair:5:   minmay_lair_end_enchanted_forest, layout_big_grid, grunt_megastairs_3,
          infiniplex_staircase_pool_2
Shoals:1: layout_shoals, ebering_ghost_rock_garden
Shoals:2: layout_shoals, nicolae_shop_dragon_depot, nicolae_shoals_so_close
Shoals:3: argonaut_golden_fleece, layout_shoals, nicolae_shoals_drake_roost,
          uniq_ilsuiw
Shoals:4: shoals_end_hangedman, layout_shoals, nicolae_shoals_lost_giant_hut
Snake:1:  layout_gridlike, basic_altar
Snake:2:  layout_cave_shapes, portal_ice_cave_entry_ice_statue_two
Snake:3:  layout_honeycomb
Snake:4:  hellmonk_snake_rune_quicksilver_temple, layout_basic,
          grunt_megastairs_5, uniq_asterion
Slime:1:  layout_caves, cheibrodos_slime_lost_civilization_7
Slime:2:  layout_caves, nicolae_slime_barrier
Slime:3:  layout_caves, basic_altar
Slime:4:  layout_caves
Slime:5
Orc:1:    layout_caves, uniq_erica, uniq_harold
Orc:2:    grunt_orc_gardens, layout_diamond_mine, grunt_orc_garden,
          grunt_orc_garden, grunt_orc_garden, grunt_orc_garden,
          ebering_ghost_reflecting_pool, gauntlet_entry_generic,
          kennysheep_orc_chapel, uniq_urug
Vaults:1: nicolae_vaults_c_with_doors, vaults_room_grid, v_rooms_3,
          ontoclasm_vaults_ring_small, vaults_dpeg_spiral,
          ontoclasm_vaults_pinch, layout_vaults_quadrants, serial_shops,
          nicolae_shop_bloodbath_and_beyond
Vaults:2: vaults_dpeg_cross, vaults_mumra_hex, nicolae_vaults_what_the_h,
          vaults_room_mumra_shop_pool, st_octagons_2,
          ontoclasm_vaults_decontamination, grunt_vaults_funnel, v_misc_15,
          vaults_room_octagon, nicolae_vaults_alarming,
          hangedman_vaults_stretched_pinwheel, nicolae_vaults_network_star,
          ontoclasm_vaults_ring_small, v_misc_15, v_alt_pattern_5,
          vaults_dpeg_emergency_exit, layout_vaults_omnibox
Vaults:3: v_misc_12, nicolae_vaults_inception_corners,
          nicolae_vaults_fighting_squares, v_misc_33, v_rooms_1,
          minmay_crypt_entry_necro_gods, hangedman_vaults_corner_blocks,
          v_misc_19, v_misc_28, vaults_room_pools, hangedman_vaults_capsules,
          serial_ice_h, nicolae_vaults_little_squares_4, vaults_dpeg_diagonal,
          layout_vaults_omnicross, serial_shops, nicolae_shop_hallway_plus,
          uniq_nikola
Vaults:4: vaults_room_large_hall, nicolae_vaults_yaktaur_gun_rack,
          nicolae_vaults_big_ls, vaults_dpeg_doors,
          nicolae_vaults_little_squares_3, nicolae_vaults_stairing_the_circle,
          vaults_room_fours, nicolae_vaults_little_ls, grunt_vaults_diagonal,
          grunt_vaults_hallway_short, layout_vaults_chaotic_city
Vaults:5: uniq_saint_roka
Crypt:1:  layout_gridlike, serial_glass, glass_columns_b, glass_columns_b,
          roderic_lattice_octagonal_star, grunt_crypt_arrival_split,
          uniq_bai_suzhen
Crypt:2:  layout_gridlike, uniq_josephina, uniq_grunn

Skill      XL: |  1  2  3  4  5  6  7  8  9 10 11 12 13 14 15 16 17 18 19 20 |
---------------+-------------------------------------------------------------+-----
Maces & Flails | 5 8 10 11 | 11.5
Fighting       | 3 5 8 9 11 13 15 17 | 17.6
Transmutations | 6 10 11 | 11.6
Armour         | 4 5 8 10 12 | 12.4
Dodging        | 4 5 8 9 11 15 | 15.0
Unarmed Combat | 4 11 15 17 18 19 20 | 20.3
Spellcasting   | 6 |  6.1
Evocations     | 5 7 |  7.0
Throwing       | |  1.0
Stealth        | |  1.0
Poison Magic   | |  1.5

Action                   |  1- 3 |  4- 6 |  7- 9 | 10-12 | 13-15 | 16-18 | 19-21 || total
-------------------------+-------+-------+-------+-------+-------+-------+-------++-------
Melee: Mace              |    46 |    42 |       |       |       |       |       ||    88
       Tailslap          |     1 |    11 |    17 |    69 |   127 |   153 |    86 ||   464
       Club              |       |    40 |   226 |    81 |       |       |       ||   347
       Punch             |       |       |     2 |    16 |    65 |    98 |    73 ||   254
       Kick              |       |       |    11 |   158 |   254 |    39 |    72 ||   534
       Demon whip        |       |       |       |   322 |   132 |       |       ||   454
       Unarmed           |       |       |       |    34 |   556 |   766 |   461 ||  1817
       Pseudopods        |       |       |       |    21 |   136 |    17 |       ||   174
       Peck              |       |       |       |       |       |    31 |   136 ||   167
       Bite              |       |       |       |       |       |       |    18 ||    18
 Cast: Wereblood         |       |       |     4 |    22 |    39 |    64 |    34 ||   163
       Blade Hands       |       |       |       |     5 |    57 |    99 |    48 ||   209
       Sting             |       |       |       |       |     2 |       |       ||     2
Invok: Oozemancy         |       |     1 |     2 |     5 |     2 |     6 |     2 ||    18
       Slimify           |       |       |       |     3 |     2 |     2 |     2 ||     9
 Abil: Rolling Charge    |    11 |    21 |    44 |    97 |   174 |   224 |   148 ||   719
       End Transformatio |       |       |       |       |     2 |     1 |       ||     3
Evoke: Piece from Xom's  |     1 |     1 |       |       |       |       |       ||     2
       Wand              |       |       |     1 |     1 |     2 |     3 |       ||     7
       Tin of tremorston |       |       |       |       |       |     3 |     1 ||     4
       Box of beasts     |       |       |       |       |       |       |     1 ||     1
  Use: Potion            |       |       |     1 |     2 |     1 |     8 |     3 ||    15
       Scroll            |       |       |     7 |     3 |    13 |    13 |     5 ||    41
 Stab: Distracted        |       |       |       |       |     1 |       |       ||     1
       Fleeing           |       |       |       |       |       |     1 |       ||     1
       Confused          |       |       |       |       |       |     6 |       ||     6
Armor: Ring mail         |    15 |    36 |   105 |   128 |       |       |       ||   284
       Troll leather arm |       |       |       |    45 |   155 |       |       ||   200
       Plate armour      |       |       |       |       |    50 |   424 |   214 ||   688
       Ice dragon scales |       |       |       |       |     8 |     4 |       ||    12
Dodge: Dodged            |    15 |    29 |    74 |   128 |   274 |   273 |   132 ||   925
Block: Other             |       |       |       |       |       |       |     3 ||     3

Table legend: (Time is in decaauts)
 A = Elapsed time spent in this place.
 B = Non-inter-level travel time spent in this place.
 C = Inter-level travel time spent in this place.
 D = Time resting spent in this place.
 E = Time spent auto-exploring this place.
 F = Levels seen in this place.
 G = Mean time per level.
                   A        B        C        D        E       F      G
               +--------+--------+--------+--------+--------+-----+--------+
         Total |  29241 |  26819 |   2422 |    499 |  17720 |  45 |  649.8 |
       Dungeon |  11727 |  10559 |   1168 |     47 |   7953 |  15 |  781.8 |
          Lair |   3820 |   3449 |    371 |      3 |   2265 |   5 |  764.0 |
        Shoals |   3001 |   2876 |    125 |    187 |   1659 |   4 |  750.2 |
     Snake Pit |   3317 |   3067 |    250 |     70 |   1713 |   4 |  829.2 |
    Slime Pits |    218 |    129 |     89 |      0 |     32 |   5 |   43.6 |
  Orcish Mines |    756 |    677 |     79 |      0 |    343 |   2 |  378.0 |
        Vaults |   4903 |   4586 |    317 |    166 |   3160 |   5 |  980.6 |
         Crypt |    777 |    757 |     20 |      0 |    493 |   2 |  388.5 |
        Bailey |    228 |    228 |      0 |     26 |    100 |   1 |  228.0 |
      Ice Cave |    310 |    310 |      0 |      0 |      0 |   1 |  310.0 |
      Gauntlet |    179 |    179 |      0 |      0 |      0 |   1 |  179.0 |
               +--------+--------+--------+--------+--------+-----+--------+

Top non-repeatable levels by time:
Vaults:4: 1411 daAuts
     D:2: 1209 daAuts
Vaults:1: 1187 daAuts
Vaults:3: 1183 daAuts
     D:1: 1044 daAuts
Vaults:2: 1005 daAuts
 Snake:4: 993 daAuts
     D:7: 983 daAuts
 Snake:2: 979 daAuts
     D:8: 967 daAuts
    D:13: 929 daAuts
     D:5: 900 daAuts
 Snake:3: 891 daAuts
Shoals:4: 890 daAuts
  Lair:5: 872 daAuts
